 Dungeon Crawl Stone Soup version 0.28-a0-2-g643f2454ad (webtiles) character file.

Game seed: 5861112468907463337

54798 Blejac999 the Fencer (level 14, -2/195 HPs)
             Began as a Minotaur Berserker on July 22, 2021.
             Was a High Priest of Trog.
             Succumbed to a black mamba's poison
             ... on level 1 of the Snake Pit.
             The game lasted 00:41:46 (23096 turns).

Blejac999 the Fencer (Minotaur Berserker)          Turns: 23096, Time: 00:41:46

Health: -2/195     AC: 22    Str: 28    XL:     14   Next: 35%
Magic:  2/13       EV: 10    Int:  4    God:    Trog [*****.]
Gold:   1201       SH:  0    Dex: 15    Spells: 13/13 levels left

rFire   . . .      SeeInvis .   j - +3 great sword (vorpal)
rCold   . . .      Faith    .   (shield currently unavailable)
rNeg    . . .      Spirit   +   g - +0 plate armour
rPois   +          Reflect  .   (helmet restricted)
rElec   .          Harm     .   m - +2 cloak {rCorr}
rCorr   +          Rampage  .   (no gloves)
Will    +....                   K - +0 pair of boots
Stlth   ..........              e - amulet of guardian spirit
HPRegen 0.42/turn               Q - +6 ring of dexterity
MPRegen 0.13/turn               B - ring of poison resistance

@: berserking (expiring), lethally poisoned (-2 -> -53), very quick
A: horns 2, retaliatory headbutt
a: Renounce Religion, Berserk, Trog's Hand, Brothers in Arms


You were on level 1 of the Snake Pit.
You worshipped Trog.
Trog was extremely pleased with you.
You visited 5 branches of the dungeon, and saw 21 of its levels.

You collected 1201 gold pieces.

Inventory:

Hand Weapons
 j - a +3 vorpal great sword (weapon)
 n - a +5 triple sword of flaming
 G - a +2 long sword of holy wrath
Missiles
 H - 12 atropa-tipped darts (quivered)
Armour
 g - a +0 plate armour (worn)
 m - a +2 cloak of preservation (worn)
 K - a +0 pair of boots (worn)
 N - a +0 ring mail of cold resistance
Jewellery
 d - a ring of see invisible
 e - an amulet of guardian spirit (around neck)
 f - a ring of flight
 k - an amulet of magic regeneration
 l - a ring of ice
 x - a ring of fire
 B - a ring of poison resistance (right hand)
 D - a ring of resist corrosion
 E - a ring of ice
 I - a ring of positive energy
 P - a ring of fire
 Q - a +6 ring of dexterity (left hand)
Wands
 a - a wand of charming (17)
 h - a wand of paralysis (6)
 r - a wand of polymorph (9)
 s - a wand of mindburst (12)
 v - a wand of flame (21)
Scrolls
 b - 13 scrolls of identify
 o - 6 scrolls of teleportation
 t - 2 scrolls of fog
 u - 3 scrolls of fear
 y - 3 scrolls of holy word
 z - 3 scrolls of immolation
 F - a scroll of enchant armour
 M - a scroll of torment
Potions
 c - 2 potions of attraction
 i - 3 potions of haste
 p - a potion of cancellation
 q - 2 potions of lignification
 w - 3 potions of might
 A - a potion of ambrosia
 C - a potion of flight
 L - a potion of berserk rage
Miscellaneous
 J - a phantom mirror
 O - a phial of floods


   Skills:
 + Level 13.7 Fighting
 + Level 19.1 Long Blades
 + Level 1.4 Throwing
 + Level 16.2 Armour
 + Level 5.0 Dodging
 - Level 0.6 Stealth
 + Level 1.4 Evocations


You had 13 spell levels left.
You didn't know any spells.
Your spell library was empty.

Dungeon Overview and Level Annotations

Branches:
Dungeon (12/15)            Temple (0/1) D:5            Lair (3/6) D:10
 Shoals (1/4) Lair:2        Snake (3/4) Lair:3          Orc (2/2) D:10
    Elf: Orc:2

Altars:
Ashenzari
Dithmenos
Gozag
Hepliaklqana
Nemelex Xobeh
Okawaru
Qazlal
Ru
Sif Muna
Wu Jian
Xom
Zin
The Shining One
Beogh

Annotations:
Lair:3 3 runed translucent doors, boben's ghost, journeyman DsGl
Orc:2 Azrael


Innate Abilities, Weirdness & Mutations

You have a pair of horns on your head.
You reflexively headbutt those who attack you in melee.


Message History

* * * LOW HITPOINT WARNING * * *
You feel extremely sick. The anaconda bites you.
* * * LOW HITPOINT WARNING * * *
The anaconda constricts you. The black mamba bites you.
* * * LOW HITPOINT WARNING * * *
The sea snake bites you.
* * * LOW HITPOINT WARNING * * *
The shock serpent shoots out a bolt of lightning at you!
The bolt of electricity hits you!
* * * LOW HITPOINT WARNING * * *
You slice the anaconda!!
You kill the anaconda!
Trog accepts your kill.
* * * LOW HITPOINT WARNING * * *
You feel very sick. The black mamba barely misses you. You furiously retaliate!
You headbutt the black mamba! The sea snake bites you.
* * * LOW HITPOINT WARNING * * *
You are too berserk!
You slash the black mamba! Your headbutt misses the black mamba.
The black mamba is severely wounded.
* * * LOW HITPOINT WARNING * * *
You feel very sick.
The shock serpent bites you but does no damage.
The black mamba bites you.
* * * LOW HITPOINT WARNING * * *
You are more poisoned.
The black mamba poisons you!
Your plate armour prevents you from hitting the black mamba.
You headbutt the black mamba!
The black mamba is almost dead.
* * * LOW HITPOINT WARNING * * *
You feel very sick. The shock serpent closely misses you.
The sea snake bites you.
* * * LOW HITPOINT WARNING * * *
The black mamba bites you but does no damage.
You miss the black mamba. Your headbutt misses the black mamba.
The black mamba is almost dead.
You die...

####### ###.....###
##...S.....##
#...S@......###
#.....S###......#####
.....## ###.....††.#
.... ##....†>.# ..#
###.....# # #######


You could see a sea snake, a shock serpent and a black mamba.

Vanquished Creatures
  Gastronok (D:9)
  The ghost of Kogal the Severer, a journeyman DDFi of Okawaru (Snake:2)
  A merfolk impaler (Shoals:1)
  Fannar (Lair:1)
  A naga warrior (Snake:2)
  A boulder beetle (D:10)
  6 anacondas
  8 two-headed ogres
  A naga sharpshooter (Snake:2)
  2 shock serpents (Snake:1)
  6 sea snakes
  A naga ritualist (Snake:3)
  A faun (Shoals:1)
  9 mana vipers
  An ugly thing (D:10)
  2 salamanders (Snake:2)
  A merfolk siren (Shoals:1)
  14 black mambas
  10 naga magi
  4 cane toads
  A rime drake (Lair:3)
  3 komodo dragons
  An unseen horror (D:10)
  2 merfolk (Shoals:1)
  2 wind drakes
  A troll (D:10)
  A polar bear (Lair:3)
  2 hornets
  3 blink frogs (Lair:2)
  3 snapping turtles
  4 dream sheep (Lair:1)
  A centaur simulacrum (D:10)
  4 fire elementals (Orc:1)
  34 yaks
  4 wyverns
  A basilisk (D:10)
  A steam dragon (D:8)
  A vampire mosquito (D:10)
  Menkaure (D:4)
  Edmund (D:6)
  2 acid dragons (D:10)
  13 nagas
  5 water moccasins
  11 orc warriors
  3 ice beasts
  A sky beast (D:7)
  4 black bears
  An ogre (D:5)
  19 wolves
  3 centaurs
  3 phantoms
  Blork the orc (D:6)
  11 bullfrogs
  3 scorpions
  A wyvern zombie (D:8)
  A wyvern skeleton (D:5)
  11 killer bees
  8 wights
  6 electric eels
  4 howler monkeys
  6 hounds
  A bullfrog zombie (D:6)
  2 jellies (D:5)
  8 orc priests
  A bullfrog skeleton (D:7)
  3 centaur skeletons
  4 gnoll shamans
  A scorpion zombie (D:5)
  5 iguanas
  12 orc wizards
  A killer bee zombie (D:8)
  A howler monkey zombie (D:6)
  23 gnolls
  8 adders
  A shadow imp (D:7)
  2 adder skeletons (D:5)
  2 dart slugs
  41 orcs
  11 bats
  10 endoplasms
  2 giant cockroaches (D:2)
  4 hobgoblins
  11 jackals (D:2)
  8 kobolds
  4 quokkas
  10 ball pythons
  2 frilled lizards
  6 goblins
  4 rats
448 creatures vanquished.

Vanquished Creatures (others)
  A black bear (D:10)
  2 orc wizards (D:8)
  6 fungi (Lair:2)
  11 plants
20 creatures vanquished.

Grand Total: 468 creatures vanquished

Notes
Turn   | Place    | Note
-------+----------+-------------------------------------------
     0 | D:1      | Blejac999 the Minotaur Berserker began the quest for the
                  | Orb.
     0 | D:1      | Reached XP level 1. HP: 19/19 MP: 0/0
    71 | D:1      | Found a faded altar of an unknown god.
   115 | D:1      | Reached skill level 4 in Long Blades
   248 | D:1      | Reached XP level 2. HP: 27/27 MP: 1/1
   585 | D:1      | Reached ** piety under Trog
   591 | D:1      | Reached XP level 3. HP: 27/33 MP: 2/2
  1086 | D:2      | Reached XP level 4. HP: 17/41 MP: 3/3
  1341 | D:2      | Reached skill level 5 in Long Blades
  2663 | D:3      | Reached XP level 5. HP: 42/47 MP: 4/4
  2782 | D:3      | Found a sparkling altar of Nemelex Xobeh.
  2937 | D:4      | Noticed a phantom
  2947 | D:4      | Killed a phantom
  2948 | D:4      | Reached skill level 5 in Fighting
  3138 | D:4      | Reached skill level 6 in Long Blades
  3139 | D:4      | Noticed a phantom
  3141 | D:4      | Reached XP level 6. HP: 56/56 MP: 5/5
  3153 | D:4      | Reached *** piety under Trog
  3539 | D:4      | Noticed Menkaure
  3548 | D:4      | Killed Menkaure
  3549 | D:4      | Reached skill level 5 in Armour
  3549 | D:4      | Reached XP level 7. HP: 61/61 MP: 6/6
  3714 | D:4      | Found a glowing golden altar of the Shining One.
  3847 | D:4      | Found a hazy altar of Hepliaklqana.
  3892 | D:5      | Entered Level 5 of the Dungeon
  3907 | D:4      | Reached skill level 7 in Long Blades
  3981 | D:5      | Found a staircase to the Ecumenical Temple.
  4207 | D:5      | Reached skill level 8 in Long Blades
  4302 | D:5      | Reached XP level 8. HP: 60/70 MP: 7/7
  4595 | D:5      | Found a sacrificial altar of Ru.
  4656 | D:4      | Reached skill level 9 in Long Blades
  5494 | D:6      | Noticed Blork the orc
  5502 | D:6      | Killed Blork the orc
  5502 | D:6      | Reached **** piety under Trog
  5596 | D:6      | Identified a scroll of acquirement
  5596 | D:6      | Acquired a +5 triple sword of flaming
  5605 | D:6      | Reached XP level 9. HP: 76/79 MP: 8/8
  5621 | D:6      | Reached skill level 10 in Long Blades
  6491 | D:6      | Noticed Edmund
  6498 | D:6      | Killed Edmund
  6859 | D:6      | Found a shimmering altar of Xom.
  7272 | D:7      | Reached skill level 11 in Long Blades
  7427 | D:7      | Found an iron altar of Okawaru.
  7764 | D:7      | Noticed a two-headed ogre
  7766 | D:7      | Found an opulent altar of Gozag.
  7770 | D:7      | Killed a two-headed ogre
  7771 | D:7      | Reached skill level 12 in Long Blades
  7775 | D:7      | Reached XP level 10. HP: 88/88 MP: 9/9
  7781 | D:7      | Reached skill level 10 in Armour
  7788 | D:7      | Reached ***** piety under Trog
  8786 | D:8      | Noticed a two-headed ogre
  8794 | D:8      | Killed a two-headed ogre
  8795 | D:8      | Reached skill level 13 in Long Blades
  9162 | D:8      | Found a shimmering blue altar of Sif Muna.
  9317 | D:8      | Noticed a two-headed ogre
  9321 | D:8      | Killed a two-headed ogre
  9552 | D:9      | Noticed a two-headed ogre
  9561 | D:9      | Killed a two-headed ogre
  9813 | D:9      | Noticed Gastronok
  9827 | D:9      | Killed Gastronok
  9828 | D:9      | Reached skill level 14 in Long Blades
  9828 | D:9      | Reached XP level 11. HP: 99/99 MP: 10/10
  9927 | D:9      | Found a shadowy altar of Dithmenos.
 10326 | D:9      | Found a stormy altar of Qazlal.
 10373 | D:9      | Noticed a two-headed ogre
 10385 | D:9      | Killed a two-headed ogre
 10885 | D:10     | Entered Level 10 of the Dungeon
 11010 | D:10     | Found a staircase to the Lair.
 11024 | D:10     | Reached skill level 10 in Fighting
 11347 | D:10     | Found a glowing silver altar of Zin.
 11446 | D:10     | Noticed a two-headed ogre
 11446 | D:10     | Noticed a two-headed ogre
 11448 | D:10     | Paralysed by a hornet for 3 turns
 11451 | D:10     | Noticed a boulder beetle
 11454 | D:10     | Paralysed by a hornet for 3 turns
 11496 | D:10     | Killed a boulder beetle
 11499 | D:10     | Killed a two-headed ogre
 11500 | D:10     | Reached skill level 15 in Long Blades
 11502 | D:10     | Killed a two-headed ogre
 11503 | D:10     | Reached skill level 1 in Evocations
 11582 | D:10     | Noticed a white ugly thing
 11587 | D:10     | Killed a white ugly thing
 11626 | D:10     | Noticed a two-headed ogre
 11631 | D:10     | Killed a two-headed ogre
 12073 | D:10     | Reached XP level 12. HP: 108/108 MP: 7/11
 12548 | D:10     | Found a staircase to the Orcish Mines.
 12948 | D:10     | Received a gift from Trog
 13144 | Orc:1    | Entered Level 1 of the Orcish Mines
 13279 | Orc:2    | Entered Level 2 of the Orcish Mines
 13346 | Orc:2    | Noticed Azrael
 13552 | Lair:1   | Entered Level 1 of the Lair of Beasts
 13636 | Lair:1   | Reached skill level 16 in Long Blades
 13645 | Lair:1   | Noticed Fannar
 14329 | Lair:1   | Killed Fannar
 15266 | Lair:2   | Found a staircase to the Shoals.
 15354 | Shoals:1 | Entered Level 1 of the Shoals
 15726 | Shoals:1 | Reached skill level 17 in Long Blades
 15928 | Lair:2   | Paralysed by a hornet for 2 turns
 16419 | Lair:2   | Reached XP level 13. HP: 118/118 MP: 12/12
 16856 | Lair:3   | Found a broken altar of Ashenzari.
 16870 | Lair:3   | Noticed boben's ghost (journeyman DsGl)
 17398 | Lair:3   | Found a runed translucent gate.
 17398 | Lair:3   | Found a runed translucent gate.
 17398 | Lair:3   | Found a runed translucent gate.
 17421 | Lair:3   | Found a staircase to the Snake Pit.
 17972 | Shoals:1 | Noticed a merfolk impaler
 18454 | Lair:2   | Received a gift from Trog
 18489 | Shoals:1 | Killed a merfolk impaler
 18644 | Snake:1  | Entered Level 1 of the Snake Pit
 19058 | Snake:1  | Found a stormy altar of Qazlal.
 19556 | Snake:1  | Reached skill level 18 in Long Blades
 20641 | Snake:2  | Reached skill level 1 in Throwing
 20663 | Snake:2  | Found a runed translucent gate.
 20664 | Snake:2  | Found a runed translucent gate.
 20664 | Snake:2  | Found a runed translucent gate.
 20665 | Snake:2  | Noticed Kogal's ghost (journeyman DDFi)
 20675 | Snake:2  | Killed Kogal's ghost
 20805 | Snake:2  | Reached skill level 15 in Armour
 21668 | Snake:2  | Found an ornate altar of the Wu Jian Council.
 22203 | Snake:3  | Reached XP level 14. HP: 129/129 MP: 13/13
 22239 | Snake:3  | Noticed a nagaraja
 22916 | Snake:1  | Identified the +4 great sword of the Jolly Thickets {flame,
                  | rElec rC+ Dex-3} (Trog gifted it to you on level 1 of the
                  | Snake Pit)
 22916 | Snake:1  | Received a gift from Trog
 22920 | Snake:1  | Reached skill level 5 in Dodging
 22927 | Snake:1  | Reached skill level 19 in Long Blades
 23095 | Snake:1  | HP: 6/195 [poisoned by a black mamba]
 23096 | Snake:1  | Succumbed to a black mamba's poison

Illustrated notes

Levels and vault maps discovered:
D:1:      minmay_arrival_open_corners, layout_basic,
          hellmonk_ecumenical_altar_run_dry, moated_statue, minmay_misc_feat_chi
D:2:      layout_loops_cross, minmay_heptomino_h4
D:3:      layout_loops_ring, lemuel_round_altar
D:4:      layout_basic, worldfamousw_hep_ancestral_shrine, tso_oasis_becter,
          uniq_menkaure
D:5:      layout_cave_pods, mainiacjoe_overflow_alcove_1,
          minmay_temple_entry_butterflies, kennysheep_big_empty_room,
          minmay_circle_x
D:6:      layout_basic, tgw_xom, uniq_edmund, uniq_blork_the_orc
D:7:      layout_loops_cross, amcnicky_altar_gilded,
          mainiacjoe_overflow_concentric_impassable
D:8:      layout_basic, led_sif_book, minmay_misc_feat_alley,
          kennysheep_crisscross
D:9:      layout_long_grid, nicolae_dithmenos_the_darkroom,
          mainiacjoe_overflow_alcove_2, uniq_gastronok
D:10:     layout_basic, mainiacjoe_overflow_cross_hatched, david_lair_generic,
          erik_orc_2, minmay_pinched_square
D:11:     layout_irregular_city, serial_rivers, chequers_serial_rivers_micro_a,
          chequers_serial_rivers_room_b, chequers_serial_rivers_small_3,
          chequers_serial_rivers_small_a, chequers_serial_rivers_micro_a,
          chequers_serial_rivers_micro_d, serial_park_tiny_2
D:12:     layout_stronghold
Lair:1:   layout_small_grid, small_statue_intersection, grunt_megastairs_1,
          uniq_fannar
Lair:2:   layout_gridlike, minmay_shoals_entry_hut
Lair:3:   layout_chaotic_city, dummy_snake_entry, basic_altar,
          gammafunk_ghost_split, grunt_forest_stairs_basic, grunt_megastairs_5,
          serial_bayou_shore_a
Shoals:1: cheibrodos_shoals_oceanic_diplomacy, layout_shoals
Snake:1:  nicolae_snake_attic_fulla_snakes, layout_misc_corridors, basic_altar,
          grunt_ministairs_12
Snake:2:  layout_gridlike, basic_altar, ebering_ghost_rock_garden,
          grunt_megastairs_4
Snake:3:  layout_grid_shapes, uniq_kirke
Orc:1:    layout_caves, basic_altar, okawaru_metal_pillars_1_2
Orc:2:    grunt_orc_cross, layout_caves, basic_altar, special_room,
          serial_shops, shop, nicolae_orc_lava_room, uniq_azrael, uniq_maurice,
          uniq_saint_roka

Skill      XL: |  1  2  3  4  5  6  7  8  9 10 11 12 13 14 |
---------------+-------------------------------------------+-----
Long Blades    | 4 5 6 8 9 12 14 15 17 18 19 | 19.1
Fighting       | 4 5 6 7 8 9 10 12 13 | 13.7
Armour         | 3 5 6 8 9 11 12 13 15 16 | 16.2
Dodging        | 3 4 5 |  5.0
Evocations     | 1 |  1.4
Throwing       | 1 |  1.4
Stealth        | |  0.6

Action                   |  1- 3 |  4- 6 |  7- 9 | 10-12 | 13-15 || total
-------------------------+-------+-------+-------+-------+-------++-------
Melee: Falchion          |    68 |   157 |   136 |       |       ||   361
       Headbutt          |     6 |    26 |    48 |    94 |    68 ||   242
       Triple sword      |       |       |    75 |     8 |       ||    83
       Great sword       |       |       |    22 |   443 |   311 ||   776
Throw: Throwing net      |       |     1 |       |     1 |       ||     2
       Dart              |       |       |       |     6 |     4 ||    10
Invok: Berserk           |     1 |     2 |    10 |    20 |    17 ||    50
       Trog's Hand       |       |       |     1 |     3 |     1 ||     5
       Brothers in Arms  |       |       |       |     1 |       ||     1
Evoke: Wand              |       |       |       |     5 |     1 ||     6
  Use: Potion            |     1 |     5 |     1 |     7 |     5 ||    19
       Scroll            |       |     6 |     7 |     5 |     2 ||    20
 Stab: Sleeping          |     2 |       |       |       |       ||     2
       Held in net/web   |       |       |       |     3 |       ||     3
       Distracted        |       |       |       |     1 |       ||     1
Armor: Animal skin       |     9 |     1 |       |       |       ||    10
       Plate armour      |       |    69 |   181 |   285 |   173 ||   708
       Skin              |       |       |       |     6 |    11 ||    17
Dodge: Dodged            |    42 |    59 |   135 |   224 |   129 ||   589
       Rpst.: Falchion   |     6 |    18 |    15 |       |       ||    39
       Triple sword      |       |       |     9 |       |       ||     9
       Great sword       |       |       |     2 |    65 |    38 ||   105

Table legend: (Time is in decaauts)
 A = Elapsed time spent in this place.
 B = Non-inter-level travel time spent in this place.
 C = Inter-level travel time spent in this place.
 D = Time resting spent in this place.
 E = Time spent auto-exploring this place.
 F = Levels seen in this place.
 G = Mean time per level.
                   A        B        C        D        E       F      G
               +--------+--------+--------+--------+--------+-----+--------+
         Total |  23476 |  22993 |    483 |   9649 |  10011 |  21 | 1117.9 |
       Dungeon |  14030 |  13674 |    356 |   4736 |   6844 |  12 | 1169.2 |
          Lair |   4231 |   4115 |    116 |   1638 |   1976 |   3 | 1410.3 |
        Shoals |    463 |    453 |     10 |    282 |     31 |   1 |  463.0 |
     Snake Pit |   4372 |   4372 |      0 |   2761 |   1063 |   3 | 1457.3 |
  Orcish Mines |    379 |    379 |      0 |    230 |     97 |   2 |  189.5 |
               +--------+--------+--------+--------+--------+-----+--------+

Top non-repeatable levels by time:
 Snake:2: 2927 daAuts
    D:10: 2650 daAuts
  Lair:2: 1762 daAuts
     D:5: 1566 daAuts
     D:6: 1446 daAuts
 Snake:1: 1404 daAuts
     D:9: 1372 daAuts
     D:8: 1369 daAuts
     D:4: 1307 daAuts
  Lair:3: 1296 daAuts
  Lair:1: 1172 daAuts
     D:2: 1115 daAuts
     D:7: 1069 daAuts
     D:3: 993 daAuts
     D:1: 829 daAuts
